 Dungeon Crawl Stone Soup version 0.28.0-53-g5a82cb258f (webtiles) character file.

Game seed: 4651176417310854226

84100 Godmorgon the Warrior (level 15, -14/214 HPs)
             Began as a Minotaur Fighter on Aug 13, 2022.
             Was a High Priest of Okawaru.
             Demolished by a spriggan defender simulacrum (21 damage)
             ... in an ice cave.
             The game lasted 01:57:49 (26274 turns).

Godmorgon the Warrior (Minotaur Fighter)           Turns: 26274, Time: 01:57:49

Health: -14/214    AC: 28    Str: 30    XL:     15   Next: 34%
Magic:  22/22      EV:  9    Int: 10    God:    Okawaru [*****.]
Gold:   777        SH: 17    Dex: 16    Spells: 14/14 levels left

rFire   + . .      SeeInvis .   a - +5 flail of Causality {elec, rElec rCorr Int+5}
rCold   + . .      Faith    +   E - +1 tower shield {AC+3}
rNeg    . . .      Spirit   .   X - +2 chain mail {rF+}
rPois   .          Reflect  .   (helmet restricted)
rElec   +          Harm     .   (no cloak)
rCorr   +          Rampage  .   l - +1 pair of gloves of the Carpenter {Drain rC+ Str+2 Stlth+}
Will    +....                   R - +2 pair of boots
Stlth   ..........              x - amulet of faith
HPRegen 0.45/turn               I - +4 ring of protection
MPRegen 0.18/turn               n - +6 ring of dexterity

@: berserking, very quick
A: horns 2, retaliatory headbutt
a: Renounce Religion, Heroism, Finesse, Duel


You were in an ice cave.
You worshipped Okawaru.
Okawaru was extremely pleased with you.
You visited 3 branches of the dungeon, and saw 21 of its levels.
You also visited: Ossuary and Ice Cave.

You collected 1869 gold pieces.
You spent 1092 gold pieces at shops.

Inventory:

Hand Weapons
 a - the +5 flail of Causality (weapon) {elec, rElec rCorr Int+5}
   (You bought it in a shop on level 6 of the Dungeon)

   It occasionally discharges a powerful burst of electricity upon striking a
   foe.
   Int:       It affects your intelligence (+5).
   rElec:     It insulates you from electricity.
   rCorr:     It protects you from acid and corrosion.
 b - a +0 flail of holy wrath
 A - the +9 dire flail of Jisy {flame, Dex+5}
   (Okawaru gifted it to you on level 10 of the Dungeon)

   It burns those it strikes, dealing additional fire damage.
   Dex:       It affects your dexterity (+5).
Missiles
 f - 10 curare-tipped darts
 h - 14 atropa-tipped darts
 q - 6 silver javelins
 r - 3 datura-tipped darts
 s - 56 poisoned darts (quivered)
 w - 11 javelins
 y - 3 boomerangs
 L - 3 boomerangs of dispersal
Armour
 l - the +1 pair of gloves of the Carpenter (worn) {Drain rC+ Str+2 Stlth+}
   (Okawaru gifted it to you on level 2 of the Lair of Beasts)

   Str:       It affects your strength (+2).
   rC:        It protects you from cold.
   Drain:     It drains your maximum health when unequipped.
   Stlth:     It makes you more stealthy.
 E - a +1 tower shield of protection (worn)
 R - a +2 pair of boots (worn)
 X - a +2 chain mail of fire resistance (worn)
Jewellery
 n - a +6 ring of dexterity (right hand)
 o - a ring of protection from cold
 x - an amulet of faith (around neck)
 I - a +4 ring of protection (left hand)
 S - a ring of willpower
 U - a ring of positive energy
Wands
 d - a wand of iceblast (4)
 i - a wand of flame (26)
 j - a wand of paralysis (15)
 u - a wand of polymorph (8)
 V - a wand of acid (5)
Scrolls
 e - 14 scrolls of teleportation
 k - a scroll of silence {unknown}
 p - 2 scrolls of magic mapping
 t - 8 scrolls of fear
 v - 2 scrolls of holy word
 F - 2 scrolls of summoning {unknown}
 G - 2 scrolls of immolation
 H - a scroll of identify
 M - a scroll of torment {unknown}
 O - a scroll of enchant weapon
 Q - 2 scrolls of blinking {unknown}
Potions
 c - a potion of flight {unknown}
 g - 4 potions of cancellation
 m - 2 potions of might
 z - 6 potions of lignification
 B - a potion of resistance
 C - 6 potions of curing
 D - 6 potions of haste
 K - 2 potions of ambrosia
 N - a potion of attraction {unknown}
 P - a potion of mutation {unknown}
 T - a potion of invisibility {unknown}


   Skills:
 + Level 15.7 Fighting
 - Level 14.0 Maces & Flails
 + Level 12.4 Throwing
 - Level 15.0 Armour
 - Level 5.0 Dodging
 * Level 8.9 Shields
 + Level 10.9 Invocations


You had 14 spell levels left.
You didn't know any spells.
Your spell library was empty.

Dungeon Overview and Level Annotations

Branches:
Dungeon (14/15)            Temple (1/1) D:6            Lair (6/6) D:9
  Swamp (0/4) Lair:4       Spider (0/4) Lair:4        Slime (0/5) Lair:6
    Orc (0/2) D:12         Vaults (0/5) D:14        Ossuary (visited)
  IceCv (1/1)

Altars:
Ashenzari
Cheibriados
Dithmenos
Elyvilon
Fedhas
Gozag
Hepliaklqana
Kikubaaqudgha
Makhleb
Nemelex Xobeh
Okawaru
Qazlal
Ru
Sif Muna
Trog
Uskayaw
Vehumet
Wu Jian
Xom
Yredelemnul
Zin
The Shining One
Jiyva

Shops:
D:2 *([   D:3 (   D:6 **   D:13 *

Annotations:
Lair:4 2 transporters, Nafebo's ghost, journeyman TrMo


Innate Abilities, Weirdness & Mutations

You have a pair of horns on your head.
You reflexively headbutt those who attack you in melee.


Message History

The world spins around you as you enter the gateway.
You enter an ice cave!
Found an ice covered gate leading back out of this place.
There is an ice choked empty arch of ancient stone here.
You block the spriggan defender simulacrum's attack.
You closely miss the spriggan defender simulacrum.
The spriggan defender simulacrum hits you!
The spriggan defender simulacrum freezes you!!
You resist.
* * * LOW HITPOINT WARNING * * *
You block the spriggan defender simulacrum's attack.
You hit the spriggan defender simulacrum.
Lightning courses through the spriggan defender simulacrum!
The spriggan defender simulacrum is heavily damaged.
The spriggan defender simulacrum hits you.
* * * LOW HITPOINT WARNING * * *
The spriggan defender simulacrum freezes you!!
You resist.
* * * LOW HITPOINT WARNING * * *
The spriggan defender simulacrum hits you but does no damage.
You block the spriggan defender simulacrum's attack.
You feel much better.
You block the spriggan defender simulacrum's attack. x2
The spriggan defender simulacrum hits you!
* * * LOW HITPOINT WARNING * * *
The spriggan defender simulacrum freezes you!
You resist.
* * * LOW HITPOINT WARNING * * *
Press: ? - help, v - describe, . - travel An ice covered gate leading back out of this place.
Unknown command.
Okay, then.
A red film seems to cover your vision as you go berserk!
You feel yourself moving faster!
You feel mighty!
The spriggan defender simulacrum hits you but does no damage.
The spriggan defender simulacrum hits you!
* * * LOW HITPOINT WARNING * * *
The spriggan defender simulacrum freezes you!!
You resist.
You die...

#### ##..##
#
##..@Z##..#
#....Z......
#..∩∩.......
#.......##..
##....### #
##..## ####


You could see 2 spriggan defender simulacra.

Vanquished Creatures
  Snorg (D:14)
  Josephine (Lair:4)
  A fire dragon (Lair:6)
  5 boulder beetles
  Fannar (Lair:3)
  2 catoblepae
  9 hydras
  5 centaur warriors
  4 two-headed ogres
  5 death yaks (Lair:6)
  Sonja (Lair:5)
  The ghost of Lance11888 the Cleaver, a novice HOFi of Okawaru (D:7)
  A swamp dragon (Lair:6)
  2 necromancers (D:14)
  4 cyclopes
  2 ugly things (D:13)
  2 manticores (D:13)
  6 black mambas
  An ice statue (D:14)
  14 elephants
  16 cane toads
  A gargoyle (D:10)
  Psyche (D:8)
  2 efreet
  7 komodo dragons
  4 kobold demonologists (D:12)
  2 rime drakes
  4 trolls
  A queen bee (Lair:2)
  6 meliai (Lair:2)
  A hornet (Lair:5)
  12 polar bears
  11 blink frogs
  6 raiju (Lair:6)
  18 dream sheep
  A meliai zombie (D:11)
  6 slime creatures (D:12)
  Sigmund (D:2)
  A vampire (D:11)
  10 wyverns
  7 wraiths
  48 yaks
  2 basilisks (Lair:6)
  8 vampire mosquitoes
  4 steam dragons
  6 acid dragons
  4 wargs (Lair:6)
  11 hell hounds (Lair:6)
  18 water moccasins
  13 orc warriors
  A swamp drake (D:12)
  The ghost of XVortexX the Skirmisher, an amateur MiFi (D:4)
  12 black bears
  A necrophage (D:5)
  41 wolves
  3 ogres (D:13)
  14 centaurs
  A phantom (D:5)
  8 kobold brigands
  13 bullfrogs
  4 elf zombies (Ossuary)
  2 gnoll sergeants
  4 scorpions
  A wyvern zombie (D:8)
  A water moccasin zombie (D:5)
  48 killer bees
  7 wights (D:8)
  5 electric eels
  A bullfrog zombie (D:5)
  3 quasits (D:4)
  4 centaur zombies
  10 orc priests
  2 jellies
  A gnoll shaman (D:7)
  4 bullfrog skeletons
  2 hounds (D:6)
  Ijyb (D:4)
  8 iguanas
  7 orc wizards
  4 hell rats (Lair:6)
  2 killer bee zombies
  2 hound zombies (Ossuary)
  4 mummies (Ossuary)
  A howler monkey zombie (D:5)
  11 gnolls
  A howler monkey skeleton (D:6)
  7 adders
  A shadow imp (D:7)
  A white imp (D:7)
  An adder skeleton (D:4)
  4 dart slugs
  44 orcs
  11 ball pythons
  8 bats
  An endoplasm (D:1)
  A giant cockroach (D:2)
  3 gnoll zombies (Ossuary)
  3 goblins
  5 hobgoblins
  2 jackals (D:4)
  31 kobolds
  4 quokkas
  6 frilled lizards
  A goblin zombie (Ossuary)
  A jackal skeleton (D:4)
  An orc zombie (Ossuary)
  8 rats
  A rat zombie (Ossuary)
680 creatures vanquished.

Vanquished Creatures (others)
  A killer bee (Lair:2)
  22 fungi
  96 plants
119 creatures vanquished.

Grand Total: 799 creatures vanquished

Notes
Turn   | Place    | Note
-------+----------+-------------------------------------------
     0 | D:1      | Godmorgon the Minotaur Fighter began the quest for the Orb.
     0 | D:1      | Reached XP level 1. HP: 19/19 MP: 0/0
   381 | D:1      | Reached XP level 2. HP: 24/27 MP: 1/1
   462 | D:1      | Found a faded altar of an unknown god.
   801 | D:2      | Reached XP level 3. HP: 33/33 MP: 2/2
   822 | D:2      | Found a shimmering altar of Xom.
   846 | D:2      | Found Keleedek's Antique Weapon Shoppe.
   877 | D:2      | Found Tireosch's Armour Boutique.
   941 | D:2      | Noticed Sigmund
   954 | D:2      | Killed Sigmund
   955 | D:2      | Reached skill level 1 in Throwing
   955 | D:2      | Reached XP level 4. HP: 13/41 MP: 3/3
   955 | D:2      | Reached XP level 5. HP: 15/47 MP: 4/4
  1226 | D:2      | Found Boruy's General Store.
  1452 | D:3      | Found Siuroecw's Antique Weapon Shop.
  2080 | D:3      | Reached XP level 6. HP: 52/53 MP: 5/5
  2434 | D:4      | Reached skill level 5 in Maces & Flails
  2592 | D:4      | Found a transporter.
  2959 | D:4      | Reached skill level 5 in Armour
  2996 | D:4      | Noticed Ijyb
  3020 | D:4      | Killed Ijyb
  3021 | D:4      | Reached skill level 5 in Fighting
  3021 | D:4      | Reached skill level 5 in Shields
  3050 | D:4      | Found a transporter.
  3054 | D:4      | Noticed XVortexX's ghost (amateur MiFi)
  3170 | D:4      | Reached XP level 7. HP: 45/61 MP: 6/6
  3179 | D:4      | Killed XVortexX's ghost
  3360 | D:5      | Entered Level 5 of the Dungeon
  3554 | D:3      | Bought a shimmering flail for 263 gold pieces
  3554 | D:3      | Identified the +2 flail "Kamitt" {spect, Int+4} (You bought
                  | it in a shop on level 3 of the Dungeon)
  3972 | D:5      | Reached XP level 8. HP: 70/70 MP: 7/7
  4284 | D:6      | Found a staircase to the Ecumenical Temple.
  4294 | Temple   | Entered the Ecumenical Temple
  4559 | D:6      | Found an iron altar of Okawaru.
  4568 | D:6      | Became a worshipper of Warmaster Okawaru
  4690 | D:6      | Found Ciafytt's Specific Store.
  4692 | D:6      | Found Orpheffoj's General Store.
  4821 | D:6      | Found a sand-covered staircase.
  4828 | Ossuary  | Entered an ossuary
  4856 | Ossuary  | Reached * piety under Okawaru
  4864 | Ossuary  | Reached skill level 1 in Invocations
  5583 | D:7      | Reached XP level 9. HP: 79/79 MP: 9/9
  5690 | D:7      | Found a runed translucent door.
  5691 | D:7      | Noticed Lance11888's ghost (novice HOFi)
  5764 | D:7      | Noticed a cyclops
  5796 | D:7      | Killed a cyclops
  5796 | D:7      | Reached ** piety under Okawaru
  5797 | D:7      | Reached skill level 5 in Throwing
  6123 | D:7      | Reached skill level 10 in Maces & Flails
  6731 | D:7      | Killed Lance11888's ghost
  6731 | D:7      | Reached *** piety under Okawaru
  6892 | D:8      | Reached XP level 10. HP: 80/88 MP: 11/11
  7511 | D:8      | Noticed Psyche
  7527 | D:8      | Killed Psyche
  7527 | D:8      | Reached **** piety under Okawaru
  7875 | D:9      | Received a gift from Okawaru
  8046 | D:9      | Reached skill level 5 in Invocations
  8305 | D:9      | Reached ***** piety under Okawaru
  8449 | D:9      | Found a staircase to the Lair.
  8876 | Lair:1   | Entered Level 1 of the Lair of Beasts
  8911 | Lair:1   | Noticed a cane toad
  8915 | Lair:1   | Noticed a cane toad
  8925 | Lair:1   | Killed a cane toad
  8930 | Lair:1   | Reached XP level 11. HP: 90/97 MP: 12/14
  9166 | Lair:1   | Received a gift from Okawaru
  9372 | Lair:1   | You fall into a shaft and drop 1 floor!
  9392 | Lair:2   | Identified the +1 pair of gloves of the Carpenter {Drain
                  | rC+ Str+2 Stlth+} (Okawaru gifted it to you on level 2 of
                  | the Lair of Beasts)
  9392 | Lair:2   | Received a gift from Okawaru
  9425 | Lair:2   | Reached skill level 10 in Fighting
  9886 | Lair:2   | Reached skill level 10 in Armour
 11396 | Lair:2   | Reached XP level 12. HP: 96/108 MP: 16/16
 11525 | Lair:2   | Received a gift from Okawaru
 12494 | Lair:1   | Noticed a seven-headed hydra
 12504 | Lair:1   | Killed a seven-headed hydra
 13502 | Lair:3   | Noticed a four-headed hydra
 13566 | Lair:3   | Killed a four-headed hydra
 13568 | Lair:3   | Received a gift from Okawaru
 13569 | Lair:3   | Reached skill level 1 in Dodging
 13619 | Lair:3   | Noticed a five-headed hydra
 13627 | Lair:3   | Killed a five-headed hydra
 13842 | Lair:3   | Noticed a six-headed hydra
 13849 | Lair:3   | Killed a six-headed hydra
 13995 | Lair:3   | Noticed a catoblepas
 14005 | Lair:3   | Killed a catoblepas
 14005 | Lair:3   | Received a gift from Okawaru
 14134 | Lair:3   | Reached ****** piety under Okawaru
 14386 | Lair:3   | Noticed Fannar
 14391 | Lair:3   | Killed Fannar
 14926 | Lair:4   | Noticed a six-headed hydra
 14932 | Lair:4   | Killed a six-headed hydra
 14933 | Lair:4   | Reached XP level 13. HP: 118/118 MP: 18/18
 14948 | Lair:4   | Found a transporter.
 14948 | Lair:4   | Noticed Nafebo's ghost (journeyman TrMo)
 14953 | Lair:4   | Found a transporter.
 14965 | Lair:4   | Found a hole to the Spider Nest.
 15117 | Lair:4   | Noticed Josephine
 15123 | Lair:4   | Killed Josephine
 15135 | Lair:4   | Received a gift from Okawaru
 15671 | Lair:4   | Found a staircase to the Swamp.
 15952 | Lair:4   | Found an iron altar of Okawaru.
 16128 | Lair:5   | Noticed Sonja
 16141 | Lair:5   | Killed Sonja
 16141 | Lair:5   | Identified the +1 troll leather armour of the Cicada
                  | {Regen+ Int+3} (Okawaru gifted it to you on level 5 of the
                  | Lair of Beasts)
 16141 | Lair:5   | Received a gift from Okawaru
 16217 | Lair:5   | Reached skill level 5 in Dodging
 16784 | D:6      | Bought the +5 flail of Causality {elec, rElec rCorr Int+5}
                  | for 829 gold pieces
 17544 | Lair:6   | Entered Level 6 of the Lair of Beasts
 17549 | Lair:5   | Reached skill level 10 in Throwing
 17998 | Lair:6   | Reached skill level 10 in Invocations
 18104 | Lair:6   | Received a gift from Okawaru
 18188 | Lair:6   | Reached XP level 14. HP: 120/130 MP: 20/20
 18720 | Lair:6   | Received a gift from Okawaru
 19624 | Lair:6   | Found a staircase to the Slime Pits.
 19624 | Lair:6   | Found a viscous altar of Jiyva.
 21347 | D:10     | Entered Level 10 of the Dungeon
 21356 | D:10     | Received a gift from Okawaru
 21691 | D:10     | Reached skill level 15 in Fighting
 21784 | D:10     | Identified the +9 dire flail of Jisy {flame, Dex+5}
                  | (Okawaru gifted it to you on level 10 of the Dungeon)
 21784 | D:10     | Received a gift from Okawaru
 22390 | D:11     | Reached skill level 15 in Armour
 23316 | D:12     | Found a staircase to the Orcish Mines.
 23687 | D:12     | Received a gift from Okawaru
 24016 | D:12     | Received a gift from Okawaru
 24363 | D:12     | Reached XP level 15. HP: 93/141 MP: 14/21
 25172 | D:13     | Found Ifiaf's General Store.
 25765 | D:14     | Found a gate to the Vaults.
 26085 | D:14     | Noticed Snorg
 26099 | D:14     | Killed Snorg
 26150 | D:14     | Found a frozen archway.
 26267 | IceCv    | Entered an ice cave
 26274 | IceCv    | HP: 7/214 [spriggan defender simulacrum (9)]
 26274 | IceCv    | Demolished by a spriggan defender simulacrum

Illustrated notes

Levels and vault maps discovered:
D:1:      minmay_arrival_hallway, layout_loops_ring,
          hellmonk_ecumenical_altar_pennies_from_heaven
D:2:      layout_rooms, serial_shops, nicolae_shop_trees,
          nicolae_shop_waterfront, shop_coins, basic_altar, uniq_sigmund
D:3:      minmay_angry_zag, layout_basic, serial_shops,
          nicolae_shop_behind_doors, kennysheep_decorative_pillar,
          amcnicky_mini_rare_corridor_liquid, nrook_mini_backslash,
          minmay_misc_feat_enclosed, nicolae_elevator_lobby_asterisk
D:4:      layout_cave_pools, gammafunk_ghost_stat_death, uniq_ijyb
D:5:      layout_loops_ring
D:6:      layout_loops_ring, mainiacjoe_overflow_chevrons,
          minmay_temple_entry_arrows, nicolae_ossuary_entry_ruins,
          nicolae_specific_store
D:7:      layout_cave_pods, gammafunk_ghost_grave
D:8:      layout_loops_ring, uniq_psyche
D:9:      layout_roguey, lair_entry_dummy, blue_anna_alchemist
D:10:     layout_loops_ring
D:11:     layout_irregular_city
D:12:     layout_basic, erik_orc_1
D:13:     layout_cave_pools, special_room [special_room_orc], serial_shops,
          nicolae_square_shop
D:14:     layout_roguey, david_vaults_1, gammafunk_ghost_smash,
          chequers_serial_rivers_marsh, portal_ice_cave_entry_ice_statue_one,
          glass_columns_c, kennysheep_generic_room_2, uniq_snorg
Temple:   minmay_crystal_snake_temple
Lair:1:   layout_chaotic_city, serial_bayou, serial_bayou_pond_b,
          serial_bayou_pond_c, serial_bayou_lagoon_b, serial_bayou_shore_b,
          grunt_megastairs_3, lemuel_fruit_tree
Lair:2:   regret_index_combs_of_tragedy, layout_regular_city
Lair:3:   layout_long_grid, serial_bayou, serial_bayou_pond_a,
          serial_bayou_crossing, serial_bayou_lagoon_a, serial_bayou_pond_c,
          serial_bayou_pond_d, serial_bayou_shore_b, uniq_fannar
Lair:4:   layout_cave_pods, swamp_mist, spider_nest_entry_web_field,
          gammafunk_ghost_arena, lemuel_centaur_altar,
          infiniplex_staircase_pool, uniq_josephine
Lair:5:   layout_regular_city, st_stairs_12, uniq_sonja
Lair:6:   hangedman_lair_caniforms_friends, layout_hall_layers,
          guppyfry_lair_end_dragon, slime_altar_1, lemuel_fruit_fields,
          grunt_megastairs_4
IceCv:    ice_cave_tombish

Skill      XL: |  1  2  3  4  5  6  7  8  9 10 11 12 13 14 15 |
---------------+----------------------------------------------+-----
Maces & Flails | 3 4 5 7 8 10 12 14 | 14.0
Fighting       | 4 5 7 8 9 10 12 13 15 | 15.7
Shields        | 4 5 7 8 |  8.9
Armour         | 4 5 6 7 8 9 10 12 13 15 | 15.0
Throwing       | 1 2 3 4 5 6 7 9 10 12 | 12.4
Invocations    | 1 3 5 7 8 10 | 10.9
Dodging        | 3 5 |  5.0

Action                   |  1- 3 |  4- 6 |  7- 9 | 10-12 | 13-15 || total
-------------------------+-------+-------+-------+-------+-------++-------
Melee: Flail             |    72 |   111 |   204 |   472 |   983 ||  1842
       Headbutt          |     6 |    13 |    47 |   101 |   289 ||   456
Throw: Dart              |       |       |    13 |    52 |    18 ||    83
       Boomerang         |       |       |       |    11 |    77 ||    88
       Javelin           |       |       |       |     9 |       ||     9
Invok: Heroism           |       |       |     6 |    17 |    15 ||    38
       Finesse           |       |       |       |     5 |     6 ||    11
Evoke: Wand              |       |       |       |     9 |       ||     9
  Use: Potion            |     1 |     1 |       |     7 |     4 ||    13
       Scroll            |       |       |    11 |     3 |     6 ||    20
 Stab: Distracted        |       |       |     1 |     3 |     3 ||     7
       Paralysed         |       |       |       |     1 |       ||     1
Armor: Scale mail        |    45 |    22 |       |       |       ||    67
       Plate armour      |       |    84 |   114 |   316 |   127 ||   641
       Skin              |       |       |       |    37 |       ||    37
       Chain mail        |       |       |       |       |   388 ||   388
Dodge: Dodged            |    31 |    56 |    58 |   184 |   401 ||   730
Block: Buckler           |    18 |    36 |    46 |   135 |   162 ||   397
       Tower shield      |       |       |       |       |   355 ||   355
